[Event "Titled Tuesday Blitz April 18 Early 2023"]
[White "Koridze, Lile"]
[Black "Osuna Vega, Enrique"]
[WhiteFideId "13612514"]
[BlackFideId "2219549"]
[WhiteElo "2047"]
[BlackElo "2138"]
[Result "1-0"]
[Round "07"]
[TimeControl "180+2"]
[Date "2023.04.18"]
[WhiteClock "0:00:13"]
[BlackClock "0:00:03"]

1. d4 c6 2. c4 b5 3. e3 bxc4 4. Bxc4 d5 5. Bd3 e6 6. Nf3 Nf6 7. O-O c5 8. dxc5 Bxc5 9. b3 O-O 10. Bb2 Ba6 11. Nc3 Bxd3 12. Qxd3 Nbd7 13. e4 dxe4 14. Nxe4 Nxe4 15. Qxe4 Nf6 16. Qh4 Be7 17. Rad1 Qa5 18. a3 Rfd8 19. b4 Qa4 20. Rd2 Rxd2 21. Nxd2 Qc2 22. Bc1 Rc8 23. Qd4 Rc7 24. h3 h6 25. Nf3 Rd7 26. Qe5 Rd1 27. Be3 Rxf1+ 28. Kxf1 Qd3+ 29. Ke1 Qxa3 30. Qb8+ Kh7 31. Bd2 Ne4 32. b5 Nxd2 33. Nxd2 Bb4 34. Qd8 Qc1+ 35. Ke2 Bxd2 36. Qxd2 Qc4+ 37. Qd3+ Qxd3+ 38. Kxd3 Kg6 39. Kc4 Kf5 40. Kc5 1-0


[Site "https://www.chess.com"]

[Event "Titled Tuesday Blitz April 18 Early 2023"]
[White "Flis, Pawel"]
[Black "Marcziter, Dmitrii"]
[WhiteFideId "1112864"]
[BlackFideId "13900765"]
[WhiteElo "1822"]
[BlackElo "2162"]
[Result "0-1"]
[Round "07"]
[TimeControl "180+2"]
[Date "2023.04.18"]
[WhiteClock "0:02:28"]
[BlackClock "0:01:28"]

1. e4 c5 2. Nf3 a6 3. c3 d5 4. exd5 Qxd5 5. d4 Nf6 6. Be2 Bg4 7. O-O e6 8. h3 Bh5 9. Be3 cxd4 10. Nxd4 Bxe2 11. Qxe2 Nc6 12. Nxc6 Qxc6 13. Nd2 Be7 14. Qc4 Qd5 15. Rad1 O-O 16. Qb3 Qc6 17. Qd5 Nxd5 0-1


[Site "https://www.chess.com"]

[Event "Titled Tuesday Blitz April 18 Early 2023"]
[White "Butolo, Alexandru-Mircea"]
[Black "Gonzalez Zamora, Juan Carlos"]
[WhiteFideId "1261649"]
[BlackFideId "3507548"]
[WhiteElo "1861"]
[BlackElo "2535"]
[Result "0-1"]
[Round "07"]
[TimeControl "180+2"]
[Date "2023.04.18"]
[WhiteClock "0:00:01"]
[BlackClock "0:00:49"]

1. d4 Nf6 2. c4 d6 3. g3 g6 4. Bg2 Bg7 5. Nf3 O-O 6. O-O Nc6 7. Nc3 Bg4 8. h3 Bxf3 9. exf3 e5 10. d5 Ne7 11. f4 Nd7 12. fxe5 Nxe5 13. Qe2 Re8 14. Be3 Nf5 15. Nd1 Nd7 16. Qc2 Nxe3 17. Nxe3 Bd4 18. Ng4 h5 19. Qd3 Bxb2 20. Rab1 hxg4 21. Rxb2 Qf6 22. Qc2 gxh3 23. Bxh3 Nc5 24. Rbb1 Re5 25. Kg2 Rae8 26. Rbd1 Re4 27. Rd2 Qg5 28. Rfd1 Qe5 29. Rf1 Re2 30. Rxe2 Qxe2 31. Qxe2 Rxe2 32. Rc1 Rxf2+ 0-1


[Site "https://www.chess.com"]

[Event "Titled Tuesday Blitz April 18 Early 2023"]
[White "guillan"]
[Black "Shapiro, Viktor"]
[BlackFideId "4175700"]
[WhiteElo "2044"]
[BlackElo "2152"]
[Result "1-0"]
[Round "07"]
[TimeControl "180+2"]
[Date "2023.04.18"]
[WhiteClock "0:00:08"]
[BlackClock "0:01:19"]

1. d4 Nf6 2. c4 c5 3. d5 e6 4. Nc3 exd5 5. cxd5 d6 6. e4 g6 7. Nf3 Bg7 8. Bb5+ Nfd7 9. O-O O-O 10. Re1 a6 11. Bd3 b5 12. a4 c4 13. Bc2 b4 14. Ne2 a5 15. Ng3 Ne5 16. Nxe5 Bxe5 17. f4 Bg7 18. Be3 Bxb2 19. Bd4 Bxd4+ 20. Qxd4 Ba6 21. e5 Nd7 22. e6 Qb6 23. Rad1 Qxd4+ 24. Rxd4 Nc5 25. Ne4 Nxe4 26. Bxe4 f5 27. Bf3 b3 28. Be2 Rfc8 29. e7 Kf7 30. g4 c3 31. Bxa6 Rxa6 32. Rd3 c2 33. gxf5 gxf5 34. Rde3 Raa8 35. Rxb3 c1=Q 36. e8=Q+ Rxe8 37. Rxc1 Rac8 38. Rxc8 Rxc8 39. Rb7+ Kf6 40. Rxh7 Rc5 41. Rh6+ Ke7 42. Rh7+ Kd8 43. Ra7 Rxd5 44. h4 Rd4 45. h5 Rxf4 46. h6 Rg4+ 47. Kf1 Rh4 48. h7 Ke8 49. h8=Q+ Rxh8 50. Ra8+ Kf7 51. Rxh8 Ke6 52. Ra8 Kd5 53. Rxa5+ Kc4 54. Rxf5 Kb4 55. Rf6 Kxa4 56. Rxd6 Kb5 57. Ke2 Kc5 58. Rd1 1-0


[Site "https://www.chess.com"]

[Event "Titled Tuesday Blitz April 18 Early 2023"]
[White "Ramirez Vido, Robert Yorisan"]
[Black "Barwinska, Ewa"]
[WhiteFideId "3513823"]
[BlackFideId "21833761"]
[WhiteElo "2428"]
[BlackElo "1908"]
[Result "1-0"]
[Round "07"]
[TimeControl "180+2"]
[Date "2023.04.18"]
[WhiteClock "0:00:05"]
[BlackClock "0:00:03"]

1. f4 Nf6 2. Nf3 g6 3. g3 Bg7 4. Bg2 c5 5. d3 Nc6 6. O-O O-O 7. e4 Qc7 8. Nc3 d6 9. h3 a6 10. Be3 b5 11. g4 b4 12. Ne2 Bb7 13. Qe1 e5 14. f5 Nd4 15. Rc1 d5 16. g5 Nd7 17. f6 Bh8 18. Nexd4 cxd4 19. Bd2 dxe4 20. dxe4 Qb6 21. Bxb4 Rfc8 22. Kh1 a5 23. Bd2 Qxb2 24. Nh2 Rxc2 25. Rxc2 Qxc2 26. Bxa5 h5 27. Rf2 Qd3 28. Bb4 Nb6 29. Bf1 Qxe4+ 30. Qxe4 Bxe4+ 31. Bg2 Bxg2+ 32. Kxg2 Nd5 33. Bd6 Ne3+ 34. Kf3 Nc4 35. Bb4 Rb8 36. a3 Re8 37. Ke4 Nb6 38. Nf3 Nd7 39. Rc2 Bxf6 40. Rc7 Bxg5 41. Rxd7 Bf4 42. Nxd4 exd4+ 43. Kxf4 d3 44. Rxd3 Kh7 45. Rd7 Kg7 46. Bc3+ Kf8 47. Bb4+ Kg7 48. a4 Ra8 49. a5 Kg8 50. Rd6 Kg7 51. Ke5 f6+ 52. Kd5 g5 53. Kc6 Kg6 54. Kb6 Rb8+ 55. Kc7 Rxb4 56. a6 Ra4 57. Kb7 Kf5 58. a7 Ra3 59. Rd5+ Kg6 60. Rd3 Ra4 61. Rd6 g4 62. Ra6 Rb4+ 63. Kc7 Rc4+ 64. Kd6 Rc8 65. hxg4 hxg4 66. a8=Q Rxa8 67. Rxa8 f5 68. Ke5 Kg5 69. Rg8+ Kh4 70. Kf4 g3 71. Rxg3 Kh5 72. Rg1 Kh4 73. Rh1# 1-0


[Site "https://www.chess.com"]

[Event "Titled Tuesday Blitz April 18 Early 2023"]
[White "Szyszylo, Rafal"]
[Black "Inepton_Fermion"]
[WhiteFideId "1109626"]
[WhiteElo "1951"]
[BlackElo "2254"]
[Result "1-0"]
[Round "07"]
[TimeControl "180+2"]
[Date "2023.04.18"]
[WhiteClock "0:00:32"]
[BlackClock "0:00:08"]

1. e4 g6 2. d4 Bg7 3. Be3 d6 4. Qd2 e5 5. dxe5 dxe5 6. Qxd8+ Kxd8 7. Bc4 Ke8 8. Nc3 c6 9. Nf3 f6 10. a4 Bh6 11. Bc5 Nd7 12. Bd6 Nb6 13. Bb3 Bf8 14. O-O-O Bxd6 15. Rxd6 Ke7 16. Rhd1 Nh6 17. a5 Nd7 18. Be6 Rd8 19. Na4 Rb8 20. h3 Nf7 21. Bxf7 Kxf7 22. Nc5 Ke7 23. Re6+ Kf7 24. Red6 Ke7 25. Ne6 Rg8 26. g4 Nf8 27. Nc5 b6 28. Nb3 Bd7 29. g5 Bxh3 30. gxf6+ Ke8 31. Ng5 Rb7 32. Nxh3 Nd7 33. f7+ 1-0


[Site "https://www.chess.com"]

[Event "Titled Tuesday Blitz April 18 Early 2023"]
[White "Zaichenko, Daria"]
[Black "Kohler, Aran"]
[WhiteFideId "4197453"]
[BlackFideId "1002856"]
[WhiteElo "2039"]
[BlackElo "2253"]
[Result "1-0"]
[Round "07"]
[TimeControl "180+2"]
[Date "2023.04.18"]
[WhiteClock "0:01:07"]
[BlackClock "0:00:47"]

1. e4 c6 2. d4 d5 3. Nc3 dxe4 4. Nxe4 Bf5 5. Ng3 Bg6 6. h4 h6 7. h5 Bh7 8. Nf3 Nd7 9. Bd3 Ngf6 10. Bxh7 Nxh7 11. Bf4 e6 12. Qd3 Nb6 13. O-O-O Nd5 14. Bd2 a5 15. a3 b5 16. Kb1 Be7 17. Ne4 Qb6 18. Ne5 Nhf6 19. Rh3 O-O 20. Nxf6+ Nxf6 21. g4 Rfd8 22. Be3 Nd5 23. Rf3 f6 24. Qg6 fxe5 25. Bxh6 Bf6 26. Rxf6 Ra7 27. Rxe6 Nf4 28. Re8+ Rxe8 29. Qxe8+ Kh7 30. Bxf4 exf4 31. Re1 c5 32. Re6 1-0


[Site "https://www.chess.com"]

[Event "Titled Tuesday Blitz April 18 Early 2023"]
[White "Karthik Sai Ch"]
[Black "dDobravcan"]
[WhiteFideId "46649484"]
[WhiteElo "2003"]
[BlackElo "2167"]
[Result "1-0"]
[Round "07"]
[TimeControl "180+2"]
[Date "2023.04.18"]
[WhiteClock "0:01:45"]
[BlackClock "0:00:04"]

1. d4 d6 2. Nf3 Bg4 3. e4 Nf6 4. Nc3 c6 5. Be2 e6 6. O-O d5 7. e5 Nfd7 8. h3 Bh5 9. a4 a5 10. g4 Bg6 11. h4 h5 12. g5 c5 13. Bf4 Nc6 14. Nb5 cxd4 15. Nbxd4 Qb6 16. c3 Qxb2 17. Nb5 Rc8 18. Ne1 Ndxe5 19. Nd3 Nxd3 20. Bxd3 Bxd3 21. Qxd3 Bc5 22. Bg3 O-O 23. Rfb1 Ne5 24. Qf1 1-0


[Site "https://www.chess.com"]

[Event "Titled Tuesday Blitz April 18 Early 2023"]
[White "Kiseljova, Marya"]
[Black "Itkis, Boris"]
[WhiteFideId "4155009"]
[BlackFideId "1209167"]
[WhiteElo "1851"]
[BlackElo "2216"]
[Result "0-1"]
[Round "07"]
[TimeControl "180+2"]
[Date "2023.04.18"]
[WhiteClock "0:00:08"]
[BlackClock "0:00:07"]

1. d4 Nf6 2. c4 e6 3. Bf4 d5 4. Nf3 Be7 5. Nc3 c6 6. e3 Nbd7 7. Be2 O-O 8. h3 b6 9. cxd5 cxd5 10. O-O Bb7 11. Rc1 Rc8 12. Qa4 a6 13. Qb3 b5 14. a3 Qb6 15. Na2 Ne4 16. Bd3 Bd6 17. Ne5 Bxe5 18. Bxe5 Nd2 19. Qb4 Nxf1 20. Rxf1 Nxe5 21. dxe5 Qc7 22. Qh4 g6 23. Qf6 Qd8 24. Qf4 Bc6 25. Nc3 f6 26. Ne2 fxe5 27. Qxe5 Qf6 28. Qg3 Bd7 29. b4 e5 30. h4 Bf5 31. Bxf5 Qxf5 32. Nc1 Rc2 33. Nd3 Qxd3 34. Qxe5 Qf5 35. Qd4 Rxf2 36. Rxf2 Qxf2+ 37. Kh2 Qf6 38. Qxd5+ Kg7 39. g3 Rf7 40. e4 Qf2+ 41. Kh3 Qf1+ 42. Kg4 h5+ 43. Kg5 Qc1+ 44. Qd2 Qxd2# 0-1


[Site "https://www.chess.com"]

[Event "Titled Tuesday Blitz April 18 Early 2023"]
[White "rionelG"]
[Black "Fernandez Barrera, Victor"]
[BlackFideId "2261529"]
[WhiteElo "2195"]
[BlackElo "2211"]
[Result "1/2-1/2"]
[Round "07"]
[TimeControl "180+2"]
[Date "2023.04.18"]
[WhiteClock "0:00:16"]
[BlackClock "0:01:29"]

1. e4 e6 2. d3 d5 3. Nd2 g6 4. g3 Bg7 5. Bg2 Ne7 6. Ngf3 O-O 7. O-O c5 8. Re1 Nbc6 9. Nf1 b5 10. e5 a5 11. h4 a4 12. a3 b4 13. N1h2 bxa3 14. bxa3 Ba6 15. Ng4 Nf5 16. Bg5 Qc7 17. Qd2 Ncd4 18. Bf6 Nxf3+ 19. Bxf3 h5 20. Ne3 Nd4 21. Bg2 Bh6 22. Bg5 Bxg5 23. hxg5 Bb7 24. f4 Qa5 25. Qxa5 Rxa5 26. Rab1 Bc6 27. Rb6 Rb5 28. Rb1 Rxb6 29. Rxb6 Rc8 30. c4 dxc4 31. Nxc4 Bxg2 32. Kxg2 Nc2 33. Kf2 Rd8 34. Ke2 Nd4+ 35. Kd2 Nf5 36. Ra6 Nxg3 37. Rxa4 h4 38. Ne3 h3 39. Ng4 Nf1+ 40. Ke2 h2 41. Nf2 Ng3+ 42. Kf3 h1=Q+ 43. Nxh1 Nxh1 44. Kg2 Rxd3 45. Kxh1 Rc3 46. Kg2 c4 47. Ra8+ Kg7 48. Rc8 Rc1 49. a4 c3 50. a5 c2 51. a6 Ra1 52. Rxc2 Rxa6 53. Kf3 Kf8 54. Rc7 Ke8 55. Rb7 Ra3+ 56. Kg4 Ra1 57. Rc7 Rf1 58. Rb7 Rd1 59. Rb8+ Ke7 60. Rb7+ Rd7 61. Rb8 Ra7 62. Rb6 Kd7 63. Rb8 Kc6 64. Rd8 Rd7 65. Ra8 Kd5 66. Ra1 Ke4 67. Re1+ Kd5 68. Rd1+ Kc6 69. Rc1+ Kb5 70. Rb1+ Kc4 71. Rc1+ Kb3 72. Rc8 Ra7 73. Rc6 Kb4 74. Rc8 Kb5 75. Rc1 Kb6 76. Rc8 Ra1 77. Rf8 Ra7 78. Rc8 Rd7 79. Rc1 Rc7 80. Rb1+ Kc6 81. Rc1+ Kd7 82. Rd1+ Ke7 83. Rb1 Ra7 84. Rb6 Kd7 85. Rb5 Kc6 86. Rb8 Kd5 87. Rb1 Ra4 88. Rb7 Ra1 89. Rxf7 Ke4 90. Rf6 Rg1+ 91. Kh3 Kf3 92. Kh2 Rg2+ 93. Kh1 Re2 94. Kg1 Ra2 95. Rxg6 Kg3 96. Kf1 Kf3 97. Ke1 Kxf4 98. Rxe6 Kxg5 99. Rf6 Ra5 100. Rf2 Rxe5+ 101. Re2 Rd5 102. Kf2 Rd4 103. Ke1 Kf4 104. Rf2+ Kg3 105. Re2 Rd3 106. Re8 Ra3 107. Rg8+ Kf4 108. Rf8+ Kg5 109. Rg8+ Kf6 110. Rf8+ Ke7 111. Rf5 Ra1+ 112. Ke2 Ra3 113. Rb5 Kd6 114. Rb6+ Kc5 115. Re6 Kd4 116. Rd6+ Ke5 117. Rb6 Ra2+ 118. Ke3 Ra3+ 119. Ke2 Kd4 120. Rb4+ Kc5 121. Rb7 Kc6 122. Rb4 Kd6 123. Rg4 Ke5 124. Rb4 Kf5 125. Rh4 Ra2+ 126. Kf3 Kg5 127. Rb4 Ra3+ 128. Kf2 Kf5 129. Rb5+ Ke6 130. Rb4 Kd5 131. Rb5+ Kc4 132. Rf5 Kd4 133. Rf4+ Ke5 134. Rf3 Ra2+ 135. Kg3 Ke4 136. Rf4+ Ke5 137. Rf3 Ra4 138. Re3+ Kf5 139. Rf3+ Kg5 140. Rc3 Rd4 141. Rc5+ Kf6 142. Rc3 Re4 143. Rf3+ Kg5 144. Rc3 Rg4+ 145. Kh3 Ra4 146. Rc5+ Kf6 147. Rc3 Kf5 148. Kg3 Kg5 149. Kh3 Rh4+ 150. Kg3 Rg4+ 1/2-1/2


[Site "https://www.chess.com"]

[Event "Titled Tuesday Blitz April 18 Early 2023"]
[White "Barria Santos, Jose Guilherme"]
[Black "Avazkhonov, Alikhon"]
[WhiteFideId "1939300"]
[BlackFideId "14208504"]
[WhiteElo "2266"]
[BlackElo "1739"]
[Result "0-1"]
[Round "07"]
[TimeControl "180+2"]
[Date "2023.04.18"]
[WhiteClock "0:00:50"]
[BlackClock "0:00:22"]

1. e4 c5 2. Nf3 d6 3. d4 cxd4 4. Nxd4 Nf6 5. Nc3 a6 6. Bg5 e5 7. Nb3 h6 8. Be3 Be6 9. f3 h5 10. Qd2 Nbd7 11. O-O-O b5 12. Be2 Rc8 13. Kb1 Nb6 14. h3 h4 15. Bxb6 Qxb6 16. Nd5 Bxd5 17. exd5 g6 18. Rhe1 Bh6 19. Qd3 O-O 20. f4 Bxf4 21. Bf3 Rc4 22. Nd2 Rd4 23. Qe2 Bxd2 24. Rxd2 e4 25. Rxd4 Qxd4 26. Bxe4 Re8 27. Qd3 Rxe4 28. Rxe4 Qg1+ 0-1


[Site "https://www.chess.com"]

[Event "Titled Tuesday Blitz April 18 Early 2023"]
[White "KorolDimitriy75"]
[Black "ryutherunner"]
[WhiteElo "2378"]
[BlackElo "2125"]
[Result "1-0"]
[Round "07"]
[TimeControl "180+2"]
[Date "2023.04.18"]
[WhiteClock "0:01:55"]
[BlackClock "0:01:52"]

1. d4 c5 2. d5 Nf6 3. c4 e6 4. Nc3 d6 5. Nf3 Be7 6. e4 e5 7. Be2 O-O 8. O-O g6 9. Ne1 Kg7 10. Nd3 Ne8 11. f4 Bf6 12. fxe5 Bxe5 13. Nxe5 dxe5 14. Be3 b6 15. Qd2 Kh8 16. Bh6 Rg8 17. Rxf7 Nd6 18. Bg5 Nxf7 19. Bxd8 Rxd8 20. Rf1 Nd6 21. Qg5 1-0


[Site "https://www.chess.com"]

[Event "Titled Tuesday Blitz April 18 Early 2023"]
[White "Szente Varga, Fruzsina"]
[Black "Sandholm, Klas"]
[WhiteFideId "712264"]
[BlackFideId "510203"]
[WhiteElo "1994"]
[BlackElo "2110"]
[Result "1-0"]
[Round "07"]
[TimeControl "180+2"]
[Date "2023.04.18"]
[WhiteClock "0:00:23"]
[BlackClock "0:01:08"]

1. e4 e5 2. d4 exd4 3. Qxd4 Nf6 4. Nc3 b6 5. Qe3 Bc5 6. Qg3 O-O 7. Bd2 Re8 8. O-O-O Nxe4 9. Nxe4 Rxe4 10. Bd3 Re8 11. Bc3 Bf8 12. Nf3 Bb7 13. Bxh7+ Kxh7 14. Ng5+ Kg8 15. Qh4 Qxg5+ 16. Qxg5 d5 17. h4 c5 18. Bf6 Nd7 19. Bc3 d4 20. Bd2 Re5 21. Qg3 Rae8 22. h5 Kh7 23. h6 g6 24. f4 Rf5 25. Rde1 Rxe1+ 26. Rxe1 Nf6 27. Qh3 Rh5 28. Qb3 Bd5 29. Qa4 Bxh6 30. Qxa7 Rh2 31. Qe7 Kg7 32. Rg1 Ne4 33. Qe5+ Nf6 34. f5 Bxd2+ 35. Kxd2 Bxg2 36. Qxh2 1-0


[Site "https://www.chess.com"]

[Event "Titled Tuesday Blitz April 18 Early 2023"]
[White "Derichs, Roger"]
[Black "Winkels, Marcel"]
[WhiteFideId "4630076"]
[BlackFideId "1003887"]
[WhiteElo "2311"]
[BlackElo "1900"]
[Result "1-0"]
[Round "07"]
[TimeControl "180+2"]
[Date "2023.04.18"]
[WhiteClock "0:02:05"]
[BlackClock "0:00:30"]

1. d4 Nf6 2. c4 g6 3. Nc3 Bg7 4. e4 d6 5. Nf3 O-O 6. Be3 e5 7. dxe5 dxe5 8. Qxd8 Rxd8 9. Nd5 Nxd5 10. cxd5 c6 11. Bc4 cxd5 12. Bxd5 Nc6 13. O-O Nb4 14. Bb3 Bg4 15. Rac1 Rac8 16. Ng5 Rxc1 17. Rxc1 Nc6 18. Nxf7 Re8 19. Nd6+ Kf8 20. Nxe8 Kxe8 21. Bd5 Bd7 22. f3 a6 23. Bxc6 Bxc6 24. a3 Kd7 25. Kf2 a5 26. g4 a4 27. h4 Bf6 28. Rh1 h5 29. gxh5 gxh5 30. Bg5 Bg7 31. Rd1+ Kc7 32. Rd8 Bd7 33. Rg8 1-0


[Site "https://www.chess.com"]

[Event "Titled Tuesday Blitz April 18 Early 2023"]
[White "Hartikainen, Jarmo"]
[Black "Rosenberg, Evan S"]
[WhiteFideId "503134"]
[BlackFideId "2019299"]
[WhiteElo "2102"]
[BlackElo "2282"]
[Result "1-0"]
[Round "07"]
[TimeControl "180+2"]
[Date "2023.04.18"]
[WhiteClock "0:00:05"]
[BlackClock "0:00:14"]

1. e4 e5 2. Nf3 Nc6 3. Bc4 Nf6 4. Ng5 d5 5. exd5 Na5 6. Bb5+ c6 7. dxc6 bxc6 8. Bd3 Nd5 9. Nf3 Bd6 10. O-O O-O 11. Re1 f5 12. Nxe5 Qf6 13. Nc4 Nxc4 14. Bxc4 Bxh2+ 15. Kxh2 Qh4+ 16. Kg1 Qxc4 17. d3 Qh4 18. Nc3 f4 19. Re4 Bf5 20. Rd4 g5 21. Nxd5 cxd5 22. Qf3 Rae8 23. Bd2 Be6 24. g3 Qh3 25. Qg2 Qxg2+ 26. Kxg2 f3+ 27. Kh2 g4 28. Re1 h5 29. c4 dxc4 30. Rde4 Bf7 31. Rxe8 Bxe8 32. Bb4 cxd3 33. Bxf8 Kxf8 34. Rd1 Bg6 35. Kg1 Ke7 36. Kf1 Kd6 37. Ke1 Kd5 38. Kd2 Kd4 39. Re1 Be4 40. Rc1 Bd5 41. b3 a5 42. Rc3 Be4 43. Rc4+ Kd5 44. Ke3 h4 45. Rd4+ Kc5 46. Rxe4 hxg3 47. fxg3 1-0


[Site "https://www.chess.com"]

[Event "Titled Tuesday Blitz April 18 Early 2023"]
[White "Chincholimath, Halsagar"]
[Black "Jiganchine, Roman"]
[WhiteFideId "5022487"]
[BlackFideId "2603667"]
[WhiteElo "1737"]
[BlackElo "2254"]
[Result "0-1"]
[Round "07"]
[TimeControl "180+2"]
[Date "2023.04.18"]
[WhiteClock "0:00:31"]
[BlackClock "0:00:17"]

1. e4 c6 2. d4 d5 3. exd5 cxd5 4. Bd3 Nc6 5. c3 Qc7 6. h3 g6 7. Nf3 Bf5 8. O-O Bxd3 9. Qxd3 Bg7 10. Bg5 e6 11. Nbd2 Nge7 12. Bh4 O-O 13. Rae1 Nf5 14. Bg5 h6 15. Be3 b5 16. Nb3 b4 17. Bc1 a5 18. Nc5 Rfe8 19. g4 Nd6 20. Bf4 Qd8 21. Ne5 Nxe5 22. Bxe5 Nc4 23. Bxg7 Kxg7 24. b3 Nd6 25. c4 dxc4 26. bxc4 Kg8 27. Qf3 Nxc4 28. Ne4 Kg7 29. Qf4 g5 30. Qg3 Qb8 31. Qd3 Nb6 32. Nc5 Nd5 33. Qe4 Qf4 34. Qe2 Rad8 35. Qc4 Nf6 36. Rd1 h5 37. f3 Qg3+ 38. Kh1 Qxh3+ 39. Kg1 Qg3+ 40. Kh1 hxg4 41. fxg4 Rh8# 0-1


[Site "https://www.chess.com"]

[Event "Titled Tuesday Blitz April 18 Early 2023"]
[White "Osiecki, Stanislaw"]
[Black "Clawitter, Craig"]
[WhiteFideId "1102990"]
[BlackFideId "2023105"]
[WhiteElo "2088"]
[BlackElo "2245"]
[Result "1-0"]
[Round "07"]
[TimeControl "180+2"]
[Date "2023.04.18"]
[WhiteClock "0:00:09"]
[BlackClock "0:00:06"]

1. e4 e6 2. d4 d5 3. e5 c5 4. c3 Qb6 5. Nf3 Nc6 6. Bd3 cxd4 7. cxd4 Bd7 8. Be2 Nh6 9. Nc3 Nf5 10. Na4 Qa5+ 11. Nc3 Bb4 12. Qd3 Qb6 13. a3 Be7 14. Be3 Qxb2 15. O-O Qb6 16. Rfb1 Qc7 17. Nb5 Qd8 18. g4 Nxe3 19. Qxe3 O-O 20. Bd3 f6 21. exf6 Bxf6 22. Kh1 Na5 23. g5 Be7 24. Nc3 Rc8 25. Ne2 Nc4 26. Bxc4 Rxc4 27. Ne5 Rc7 28. h4 Bd6 29. Nxd7 Qxd7 30. f4 Qf7 31. Rf1 Re7 32. a4 Qh5 33. Qf2 e5 34. dxe5 Bxe5 35. Rad1 d4 36. Nxd4 Bxd4 37. Rxd4 Re2 38. Qg3 Rc8 39. Qb3+ Kh8 40. Qg3 h6 41. g6 Qf5 42. Rfd1 Ree8 43. Qd3 Qxf4 44. Rxf4 1-0


[Site "https://www.chess.com"]

[Event "Titled Tuesday Blitz April 18 Early 2023"]
[White "Sanchez, Robert"]
[Black "Simonovic, Miroslav"]
[WhiteFideId "2034360"]
[BlackFideId "919152"]
[WhiteElo "1967"]
[BlackElo "2042"]
[Result "0-1"]
[Round "07"]
[TimeControl "180+2"]
[Date "2023.04.18"]
[WhiteClock "0:02:03"]
[BlackClock "0:02:04"]

1. e4 c5 2. Nf3 Nc6 3. d4 cxd4 4. Nxd4 g6 5. Bc4 Bg7 6. Be3 d6 7. Nc3 Nf6 8. f3 O-O 9. Qd2 Re8 10. O-O-O Bd7 11. Bb3 Rc8 12. h4 h5 13. Bg5 Nxd4 14. Qxd4 Nh7 15. Qd5 Nxg5 16. hxg5 Be6 17. Qxb7 Bxb3 18. Qxb3 Rb8 19. Qc4 Qa5 20. Rd5 Qb6 21. b3 Qe3+ 22. Kb2 Rec8 0-1


[Site "https://www.chess.com"]

[Event "Titled Tuesday Blitz April 18 Early 2023"]
[White "Quirke, Jeffrey"]
[Black "Mihajlovskij"]
[WhiteFideId "2013029"]
[WhiteElo "2239"]
[BlackElo "1924"]
[Result "1/2-1/2"]
[Round "07"]
[TimeControl "180+2"]
[Date "2023.04.18"]
[WhiteClock "0:00:05"]
[BlackClock "0:00:21"]

1. e4 d5 2. exd5 Qxd5 3. Nc3 Qe5+ 4. Be2 Bg4 5. d4 Bxe2 6. Qxe2 Qxe2+ 7. Kxe2 c6 8. Nf3 Nf6 9. Bf4 Nbd7 10. h3 e6 11. Rhe1 O-O-O 12. Rad1 h6 13. Nb1 g5 14. Bh2 Bg7 15. c3 Nd5 16. Kf1 N7b6 17. Nbd2 Rhe8 18. Ne4 Nc4 19. Re2 b6 20. Ne1 f5 21. Ng3 Nf4 22. Rc2 c5 23. Ne2 Nxe2 24. Kxe2 Kb7 25. dxc5 bxc5 26. b3 Nb6 27. c4 Bd4 28. Nf3 e5 29. Nxd4 exd4+ 30. Kf1 a5 31. Re2 Rxe2 32. Kxe2 Re8+ 33. Kd3 Kc6 34. f4 Nc8 35. fxg5 hxg5 36. Rd2 Re3+ 37. Kc2 f4 38. h4 Rc3+ 39. Kb2 gxh4 40. Bxf4 a4 41. Re2 axb3 42. axb3 Kd7 43. Bg5 Nd6 44. Bxh4 Nf5 45. Bf2 Rd3 46. Kc2 Rc3+ 47. Kb2 Rd3 48. Kc2 Rc3+ 49. Kb2 1/2-1/2


[Site "https://www.chess.com"]

[Event "Titled Tuesday Blitz April 18 Early 2023"]
[White "Vargas, Mauricio"]
[Black "Larina, Maria"]
[WhiteFideId "4404572"]
[BlackFideId "24113182"]
[WhiteElo "1998"]
[BlackElo "1848"]
[Result "1/2-1/2"]
[Round "07"]
[TimeControl "180+2"]
[Date "2023.04.18"]
[WhiteClock "0:00:17"]
[BlackClock "0:00:07"]

1. e4 c6 2. Nc3 d5 3. d3 g6 4. f4 Bg7 5. e5 f6 6. Nf3 c5 7. g3 Nc6 8. exf6 exf6 9. Bg2 Nge7 10. O-O O-O 11. Re1 Re8 12. Kh1 Bg4 13. h3 Bxf3 14. Qxf3 Nd4 15. Qf2 Rc8 16. Be3 b6 17. Rad1 Ndf5 18. Bd2 d4 19. Ne4 Nd5 20. a3 Nfe3 21. Bxe3 Nxe3 22. Rd2 f5 23. Ng5 Nxg2 24. Kxg2 Qd5+ 25. Kg1 Re3 26. Rde2 Rce8 27. Rxe3 dxe3 28. Qf3 Qd7 29. b3 Bd4 30. Qe2 h6 31. Nf3 Bc3 32. Rd1 Bd2 33. Nxd2 exd2 34. Qxd2 Qd4+ 35. Qf2 Qc3 36. Qd2 Qd4+ 37. Qf2 Qc3 38. Rd2 Qa1+ 39. Kg2 Qxa3 40. Re2 Rxe2 41. Qxe2 Kf7 42. Qe5 Qc1 43. Qd5+ Kf6 44. Qe5+ Kf7 45. Qd5+ Kf6 46. Qe5+ Kf7 1/2-1/2


[Site "https://www.chess.com"]

[Event "Titled Tuesday Blitz April 18 Early 2023"]
[White "Prado, Alexandra"]
[Black "Kuchava, Ana"]
[WhiteFideId "3301346"]
[BlackFideId "13605348"]
[WhiteElo "1759"]
[BlackElo "2001"]
[Result "0-1"]
[Round "07"]
[TimeControl "180+2"]
[Date "2023.04.18"]
[WhiteClock "0:00:12"]
[BlackClock "0:00:51"]

1. e4 c5 2. Nc3 Nc6 3. g3 g6 4. Bg2 Bg7 5. d3 d6 6. Nf3 e6 7. O-O Nge7 8. Be3 Nd4 9. Qd2 O-O 10. Nd1 a6 11. c3 Nxf3+ 12. Bxf3 Rb8 13. Bh6 b5 14. Bxg7 Kxg7 15. a3 Bb7 16. Ne3 d5 17. Ng4 Ng8 18. e5 h5 19. Ne3 d4 20. Bxb7 dxe3 21. Qxe3 Rxb7 22. Qxc5 Qxd3 23. Rad1 Qc4 24. Qe3 Ne7 25. Rd4 Nf5 26. Qg5 Nxd4 27. Qf6+ Kg8 28. cxd4 Qxd4 0-1


[Site "https://www.chess.com"]

[Event "Titled Tuesday Blitz April 18 Early 2023"]
[White "Yanayt, Eugene"]
[Black "Semenova, Alina"]
[WhiteFideId "2020165"]
[BlackFideId "24113875"]
[WhiteElo "2083"]
[BlackElo "1833"]
[Result "1-0"]
[Round "07"]
[TimeControl "180+2"]
[Date "2023.04.18"]
[WhiteClock "0:02:33"]
[BlackClock "0:00:01"]

1. d4 Nf6 2. c4 d6 3. Nf3 g6 4. Nc3 Bg7 5. e4 O-O 6. Be2 e5 7. O-O Nc6 8. d5 Ne7 9. Ne1 Nd7 10. Be3 f5 11. f3 f4 12. Bf2 g5 13. a4 a5 14. Nd3 Ng6 15. c5 Nf6 16. cxd6 cxd6 17. Nb5 Rf7 18. Rc1 h5 19. Kh1 g4 20. Rxc8 Rxc8 21. fxg4 hxg4 22. Bxg4 Nxg4 23. Qxg4 Nf8 24. Nxd6 Qxd6 25. Qxc8 Rc7 26. Qb8 Kf7 27. Bc5 Qa6 28. Qxc7+ Kg6 29. Qd6+ 1-0


[Site "https://www.chess.com"]

[Event "Titled Tuesday Blitz April 18 Early 2023"]
[White "Quispe Santacruz, Javier"]
[Black "Aanna12"]
[WhiteFideId "3800920"]
[WhiteElo "1875"]
[BlackElo "2183"]
[Result "0-1"]
[Round "07"]
[TimeControl "180+2"]
[Date "2023.04.18"]
[WhiteClock "0:00:02"]
[BlackClock "0:00:08"]

1. d4 Nf6 2. c4 c5 3. d5 b5 4. cxb5 a6 5. b6 Qxb6 6. Nc3 d6 7. e4 g6 8. Be2 Bg7 9. Nf3 O-O 10. Nd2 Nbd7 11. Nc4 Qd8 12. O-O Rb8 13. Qc2 Nb6 14. Rb1 Nxc4 15. Bxc4 Qa5 16. b3 Nd7 17. Bd2 Qc7 18. Rfe1 Bd4 19. Be3 Bg7 20. Bg5 Nb6 21. h3 h6 22. Be3 Nxc4 23. bxc4 Bd7 24. Rb3 Rb4 25. Rxb4 cxb4 26. Ne2 Rc8 27. Rc1 a5 28. Qd3 a4 29. Bd4 e5 30. dxe6 Bxe6 31. Bxg7 Kxg7 32. Qd4+ Kg8 33. Nf4 Qe7 34. Nd5 Bxd5 35. exd5 Qe2 36. g3 Qxa2 37. Qf6 Qe2 38. Qxd6 b3 39. c5 b2 40. Rb1 a3 41. Qd7 Re8 0-1


[Site "https://www.chess.com"]